 Dungeon Crawl Stone Soup version 0.17-a0-2064-g265a032 (webtiles) character file.

145 inmateoo the Magician (level 5, -2/35 HPs)
             Began as a Human Wizard on Oct 12, 2015.
             Slain by an orc
             ... wielding a +0 club
              (4 damage)
             ... on level 3 of the Dungeon.
             The game lasted 00:08:12 (2633 turns).

inmateoo the Magician (Human Wizard)                Turns: 2633, Time: 00:08:12

Health: -2/35      AC:  9    Str:  7    XL:     5   Next: 53%
Magic:  10/12      EV: 12    Int: 18    God:
Gold:   175        SH:  0    Dex: 13    Spells: 6 memorised, 1 level left

rFire  . . .     SeeInvis .     p - +2 short sword (protect)
rCold  . . .     Clarity  .     a - +0 robe
rNeg   + . .     SustAt   .     (no shield)
rPois  .         Gourm    .     r - +0 helmet
rElec  .         Spirit   .     b - +0 cloak
rCorr  .         Warding  .     (no gloves)
rMut   .         Stasis   .     (no boots)
MR     .....                    (no amulet)
Stlth  +++.......               u - ring of stealth
                                j - ring of positive energy

@: repel missiles, not resistant to hostile enchantments, fairly stealthy
A: no striking features
a: no special abilities


You were on level 3 of the Dungeon.
You were not hungry.

You visited 1 branch of the dungeon, and saw 3 of its levels.

You collected 175 gold pieces.

Inventory:

Hand Weapons
 p - a +2 short sword of protection (weapon)
Missiles
 f - 7 curare-tipped needles
 B - 5 javelins (quivered)
 D - 9 poisoned needles
Armour
 a - a +0 robe (worn)
 b - a +0 cloak (worn)
 r - a +0 helmet (worn)
Jewellery
 j - a ring of positive energy (left hand)
 u - a ring of stealth (right hand)
 G - an uncursed ring of invisibility {unknown}
Wands
 l - a wand of digging (19)
 F - a wand of magic darts (25)
Scrolls
 s - 2 scrolls of blinking
 w - a scroll of teleportation
 x - 2 scrolls of magic mapping
 y - 2 scrolls of remove curse
 C - 2 scrolls of noise
 E - a scroll of recharging
Potions
 e - a potion of invisibility {unknown}
 g - a potion of beneficial mutation {unknown}
 i - a potion of haste {unknown}
 n - a potion of cure mutation {unknown}
 q - a potion of brilliance {unknown}
 t - a potion of agility {unknown}
 v - a potion of degeneration {unknown}
 A - a potion of poison {unknown}
Books
 c - a book of Minor Magic

   Spells                             Type                      Level
   a - Magic Dart                     Conjuration                  1
   b - Blink                          Translocation                2
   c - Call Imp                       Summoning                    2
   d - Repel Missiles                 Charms/Air                   2
   e - Slow                           Hexes                        2
   f - Conjure Flame                  Conjuration/Fire             3
   g - Mephitic Cloud                 Conjuration/Poison/Air       3
 z - a book of Enchantments

   Spells                             Type                      Level
   a - Cause Fear                     Hexes                        4
   b - Silence                        Hexes/Air                    5
   c - Deflect Missiles               Charms/Air                   6
   d - Haste                          Charms                       6
   e - Discord                        Hexes                        8
Comestibles
 d - 4 bread rations
 k - 2 meat rations
 m - a beef jerky
 o - 2 fruits


   Skills:
 + Level 0.2 Short Blades
 - Level 2.0 Throwing
 - Level 2.0 Dodging
 - Level 2.0 Stealth
 - Level 5.0 Spellcasting
 + Level 1.0 Conjurations
 - Level 1.0 Summonings
 - Level 1.0 Translocations


You had one spell level left.
You knew the following spells:

 Your Spells              Type           Power        Failure   Level  Hunger
a - Magic Dart            Conj           #...         12%         1    None
b - Blink                 Tloc           N/A          14%         2    #......
c - Call Imp              Summ           #.......     14%         2    #......
d - Repel Missiles        Chrm/Air       #.....       21%         2    #......
e - Mephitic Cloud        Conj/Pois/Air  #.......     34%         3    ##.....
f - Conjure Flame         Conj/Fire      #.......     34%         3    ##.....


Dungeon Overview and Level Annotations

Branches:
Dungeon (3/15)

Altars:
Okawaru


Message History

You closely miss the hobgoblin.
The hobgoblin is almost dead.
You feel less confused.
The hobgoblin zaps a wand.
The bolt of cold misses you. The orc closely misses you.
Unknown command.
Unknown command.
You hit the hobgoblin but do no damage.
The hobgoblin is almost dead.
The hobgoblin zaps a wand.
The bolt of cold hits you!
* * * LOW HITPOINT WARNING * * *
The orc closely misses you.
Unknown command.
Unknown command.
You hit the hobgoblin but do no damage.
The hobgoblin is almost dead.
The hobgoblin hits you with a club.
* * * LOW HITPOINT WARNING * * *
The orc hits you with a club.
You die...

## # #.########.# #..).
#.
#.......##.########.###
.##..................#
.##............#######.#
....#....[....## #.###
.....g.###.##.## #....
......r........# #.###
.._.#.###go##..# #.# / #
#@###..# #.# #.# #..#
.#. #l# #..# # # #.#
#.<# ... ##.## #.# #.#
#.#


You could see an orc, a giant gecko and a hobgoblin.

Vanquished Creatures
  A worker ant (D:3)
  Robin (D:2)
  2 adders (D:2)
  An ooze (D:2)
  3 giant geckos
  An orc (D:3)
  2 ball pythons (D:1)
  2 bats (D:1)
  5 hobgoblins
  2 giant newts (D:3)
  14 goblins
  8 kobolds
  A quokka (D:2)
  2 rats
45 creatures vanquished.

Vanquished Creatures (collateral kills)
  Crazy Yiuf (D:2)
  4 adders
  A worm (D:3)
  A rat (D:2)
7 creatures vanquished.

Grand Total: 52 creatures vanquished

Notes
Turn   | Place    | Note
--------------------------------------------------------------
     0 | D:1      | inmateoo the Human Wizard began the quest for the Orb.
     0 | D:1      | Reached XP level 1. HP: 13/13 MP: 4/4
   147 | D:1      | Reached skill level 1 in Throwing
   190 | D:1      | Reached XP level 2. HP: 19/19 MP: 0/6
   336 | D:1      | Learned a level 2 spell: Blink
   339 | D:1      | Learned a level 2 spell: Call Imp
   342 | D:1      | Learned a level 2 spell: Repel Missiles
   982 | D:2      | Reached XP level 3. HP: 15/24 MP: 0/7
  1225 | D:2      | Noticed Robin
  1258 | D:2      | Killed Robin
  1258 | D:2      | Reached XP level 4. HP: 25/30 MP: 2/9
  1392 | D:2      | Reached skill level 4 in Spellcasting
  2051 | D:2      | Noticed Crazy Yiuf
  2079 | D:2      | Killed Crazy Yiuf
  2256 | D:3      | Reached XP level 5. HP: 33/35 MP: 11/11
  2271 | D:3      | Learned a level 3 spell: Mephitic Cloud
  2275 | D:3      | Learned a level 3 spell: Conjure Flame
  2540 | D:3      | Reached skill level 5 in Spellcasting
  2617 | D:3      | Found an iron altar of Okawaru.
  2633 | D:3      | Slain by an orc

Vault maps used:
D:1:      minmay_arrival_four_loops
D:2:      first_bread, minmay_tree_intersection, hangedman_abyss_or_decor_stabs,
          serial_bayou_ford_a, serial_bayou_lagoon_b, uniq_robin,
          uniq_crazy_yiuf_cottage
D:3:      grunt_temple_overflow_open

Action                   |  1- 3 |  4- 6 || total
-------------------------+-------+-------++-------
Melee: Dagger            |    12 |       ||    12
       Short sword       |    12 |    89 ||   101
 Cast: Magic Dart        |    48 |     6 ||    54
       Call Imp          |     3 |    10 ||    13
       Blink             |       |     1 ||     1
       Repel Missiles    |       |     1 ||     1
       Conjure Flame     |       |     1 ||     1
       Mephitic Cloud    |       |     1 ||     1
  Use: Scroll            |     4 |     6 ||    10
       Potion            |     1 |     1 ||     2
 Stab: Sleeping          |       |     2 ||     2
  Eat: Chunk             |     1 |     5 ||     6
